 Dungeon Crawl Stone Soup version 0.30.1-11-g7821555f0a (webtiles) character file.

Game seed: 16292083633378692457

8020 Wiggles the Cleaver (level 11, -8/101 HPs)
             Began as a Minotaur Berserker on Nov 29, 2023.
             Was an Elder of Trog.
             Shot with an arrow by a centaur warrior (14 damage)
             ... on level 9 of the Dungeon.
             The game lasted 00:15:16 (8136 turns).

Wiggles the Cleaver (Minotaur Berserker)            Turns: 8136, Time: 00:15:16

Health: -8/101     AC: 19    Str: 27    XL:     11   Next: 4%
Magic:  10/10      EV: 12    Int:  4    God:    Trog [****..]
Gold:   164        SH:  6    Dex:  9    Spells: 10/10 levels left

rFire   . . .        f - +0 broad axe
rCold   . . .        B - +0 kite shield
rNeg    . . .        J - +0 plate armour
rPois   .            (helmet restricted)
rElec   .            y - +0 cloak
rCorr   .            q - +2 pair of gloves
SInv    +            (no boots)
Will    .....        (no amulet) Stlth
                     s - ring of see invisible
HPRegen 0.36/turn    n - +5 ring of evasion
MPRegen 0.12/turn

%: no passive effects
@: invisible
A: horns 2, retaliatory headbutt
a: Renounce Religion, Berserk, Trog's Hand, Brothers in Arms


You were on level 9 of the Dungeon.
You worshipped Trog.
Trog was greatly pleased with you.
You visited 1 branch of the dungeon, and saw 9 of its levels.

You collected 378 gold pieces.
You spent 214 gold pieces at shops.

Inventory:

Hand Weapons
 f - a +0 broad axe (weapon)
 t - a +0 battleaxe
 F - a +1 war axe
Missiles
 g - 3 throwing nets (quivered)
Armour
 q - a +2 pair of gloves (worn)
 y - a +0 cloak (worn)
 B - a +0 kite shield (worn)
 J - a +0 plate armour (worn)
Jewellery
 a - an amulet of guardian spirit
 h - a ring of ice
 n - a +5 ring of evasion (right hand)
 s - a ring of see invisible (left hand)
 v - a ring of fire
 D - an amulet of the acrobat
Wands
 u - a wand of digging (2)
 A - a wand of acid (11)
 E - a wand of roots (2)
Scrolls
 b - 3 scrolls of vulnerability
 c - a scroll of enchant armour
 j - 3 scrolls of teleportation
 k - a scroll of silence
 o - 2 scrolls of summoning
 r - 3 scrolls of amnesia
 w - a scroll of poison
 x - a scroll of blinking
 C - a scroll of fog
 G - a scroll of fear
 H - a scroll of identify
Potions
 d - 2 potions of curing
 e - 4 potions of degeneration
 i - 4 potions of resistance
 m - 3 potions of mutation
 p - 3 potions of might
 I - 4 potions of ambrosia
Miscellaneous
 l - a piece from Xom's chessboard (15/15)


   Skills:
 + Level 10.5 Fighting
 + Level 14.7 Axes
 + Level 9.9 Armour
 + Level 4.1 Dodging
 + Level 1.0 Stealth
 + Level 0.1 Shields


You had 10 spell levels left.
You didn't know any spells.
Your spell library was empty.

Dungeon Overview and Level Annotations

Branches:
Dungeon (9/15)             Temple (0/1) D:4
   Lair: D:8-11         Orc: D:9-12

Altars:
Ashenzari
Cheibriados
Elyvilon
Hepliaklqana
Qazlal
Ru
Wu Jian
Yredelemnul

Shops:
D:4 *   D:8 (=*

Annotations:
D:9 3 runed translucent doors, Fractals's ghost, novice DsGl


Innate Abilities, Weirdness & Mutations

You have a pair of horns on your head.
You reflexively headbutt those who attack you in melee.


Message History

The centaur warrior shoots an arrow.
The arrow hits your two-headed ogre!
The brown ugly thing barely misses your two-headed ogre.
Your two-headed ogre hits the brown ugly thing with a +0 giant club!!
Your two-headed ogre barely misses the brown ugly thing.
The cyclops throws a large rock.
The large rock hits your two-headed ogre!!!
The centaur warrior shoots an arrow.
The arrow barely misses your two-headed ogre.
The arrow closely misses you.
The brown ugly thing trunk-slaps your two-headed ogre!
Your two-headed ogre is splashed with acid.
The acid corrodes your two-headed ogre!
The centaur warrior shoots an arrow.
The arrow barely misses your two-headed ogre.
The arrow hits you!
* * * LOW HITPOINT WARNING * * *
Your two-headed ogre hits the brown ugly thing with a +0 giant club!
Your two-headed ogre hits the brown ugly thing with a +0 giant club!!
The brown ugly thing dies!
Trog accepts your kill.
You have reached level 11!
The cane toad changes into a harpy!
The centaur warrior shoots an arrow.
The arrow hits your two-headed ogre!!
Your two-headed ogre dies!
Your two-headed ogre's corpse disappears in a puff of smoke!
You fail to use your ability.
You fail to use your ability.
Blink to where?
Press: ? - help, Dir - move target
As you read the scroll of blinking, it crumbles to dust.
There is an open door here.
You close the door.
Something unseen opens the door.
The centaur warrior shoots an arrow.
The arrow hits you.
* * * LOW HITPOINT WARNING * * *
The centaur warrior shoots an arrow.
The arrow hits you!
* * * LOW HITPOINT WARNING * * *
You fade into invisibility!
You are no longer corroded.
The centaur warrior shoots an arrow.
The arrow barely misses you.
The centaur warrior shoots an arrow.
The arrow hits you!
You die...

......... #...####'####
.####.. ##).# #.# #..# #.#
####### #)[.# #.# #......
5#...# #.# #######
#.Z##..# #.# #...[.# ....
#.## #.# #.###.# ....
##.####.#######.#...# #..#
#...@...........###.#
####...#####c#######...#..
... #....# #.#.### #
#.#### #.#...# #.# #.#.#.#
.# #.# #.#...# .## ##.#
#.# #####.# ... ...# #.#
#.. ###.####..# ##c#####
######.


You could see a centaur warrior (unable to see you).

Vanquished Creatures
  Maurice (D:8)
  Joseph (D:8)
  A queen bee (D:9)
  2 hornets
  2 wraiths
  10 yaks
  Eustachio (D:5)
  A basilisk (D:7)
  A vampire mosquito (D:9)
  3 steam dragons
  A water moccasin (D:8)
  An orc warrior (D:9)
  An ice beast (D:5)
  A black bear (D:7)
  An ogre (D:4)
  2 phantoms
  3 centaurs
  A kobold brigand (D:7)
  A bullfrog (D:7)
  A gnoll sergeant (D:6)
  2 scorpions
  4 wights (D:8)
  The ghost of Okkudo the Chopper, a weakling HOMo (D:3)
  14 killer bees (D:9)
  3 howler monkeys (D:7)
  4 hounds
  5 jellies
  5 orc priests
  3 gnoll boudas
  2 iguanas
  8 orc wizards
  15 gnolls
  13 adders
  A shadow imp (D:7)
  An ufetubus (D:4)
  4 worms
  2 dart slugs
  23 orcs
  7 bats
  11 endoplasms
  3 giant cockroaches
  9 goblins
  7 hobgoblins
  2 jackals (D:1)
  5 quokkas
  9 ball pythons
  4 frilled lizards
  19 kobolds
  13 rats
235 creatures vanquished.

Vanquished Creatures (collateral kills)
  A boulder beetle (D:7)
  An ugly thing (D:9)
2 creatures vanquished.

Grand Total: 237 creatures vanquished

Notes
Turn   | Place    | Note
-------+----------+-------------------------------------------
     0 | D:1      | Wiggles the Minotaur Berserker began the quest for the Orb.
     0 | D:1      | Reached XP level 1. HP: 19/19 MP: 0/0
   106 | D:1      | Reached skill level 4 in Axes
   106 | D:1      | Reached XP level 2. HP: 26/27 MP: 1/1
   321 | D:1      | You fall into a shaft and drop 1 floor!
   425 | D:2      | Reached ** piety under Trog
   426 | D:2      | Reached XP level 3. HP: 28/33 MP: 2/2
   845 | D:2      | Reached XP level 4. HP: 32/41 MP: 3/3
   920 | D:2      | Reached skill level 5 in Axes
  1371 | D:1      | Reached *** piety under Trog
  1946 | D:3      | Reached XP level 5. HP: 46/47 MP: 4/4
  2049 | D:3      | Found a runed translucent door.
  2049 | D:3      | Noticed Okkudo's ghost (weakling HOMo)
  2064 | D:3      | Killed Okkudo's ghost
  2307 | D:3      | Found a faded altar of an unknown god.
  2351 | D:3      | Reached skill level 6 in Axes
  2639 | D:4      | Found a staircase to the Ecumenical Temple.
  2685 | D:4      | Found a sacrificial altar of Ru.
  2734 | D:4      | Found a white marble altar of Elyvilon.
  2808 | D:4      | Noticed a phantom
  2824 | D:4      | Killed a phantom
  2825 | D:4      | Reached skill level 5 in Fighting
  2825 | D:4      | Reached XP level 6. HP: 47/56 MP: 5/5
  3004 | D:4      | Found Qutal's Neck Hole.
  3110 | D:4      | Found a snail-covered altar of Cheibriados.
  3403 | D:5      | Entered Level 5 of the Dungeon
  3411 | D:5      | Reached skill level 7 in Axes
  3458 | D:5      | Found a broken altar of Ashenzari.
  3466 | D:5      | Reached **** piety under Trog
  3525 | D:5      | Noticed an ice beast
  3535 | D:5      | Killed an ice beast
  3536 | D:5      | Reached XP level 7. HP: 29/61 MP: 6/6
  3730 | D:5      | Noticed Eustachio
  3739 | D:5      | Killed Eustachio
  3740 | D:5      | Reached skill level 5 in Armour
  4290 | D:6      | Noticed a yak
  4290 | D:6      | Noticed a yak
  4290 | D:6      | Noticed a yak
  4290 | D:6      | Noticed a yak
  4292 | D:6      | Noticed a yak
  4307 | D:6      | Killed a yak
  4308 | D:6      | Reached skill level 8 in Axes
  4308 | D:6      | Reached XP level 8. HP: 55/70 MP: 7/7
  4327 | D:6      | Reached skill level 9 in Axes
  4551 | D:6      | Reached skill level 10 in Axes
  4698 | D:6      | Reached XP level 9. HP: 79/79 MP: 8/8
  4837 | D:6      | Found an ornate altar of the Wu Jian Council.
  4954 | D:6      | Identified the +7 dagger of Fuafugy {vamp, rPois rF- rC+
                  | rCorr}
  5056 | D:6      | Found a hazy altar of Hepliaklqana.
  5310 | D:7      | Noticed a boulder beetle
  5417 | D:7      | Found a stormy altar of Qazlal.
  5478 | D:7      | Found a transporter.
  5569 | D:7      | Found a transporter.
  5578 | D:7      | Paralysed by a hornet for 1 turns
  5730 | D:7      | Reached skill level 11 in Axes
  5755 | D:7      | Found a basalt altar of Yredelemnul.
  6161 | D:7      | Killed a boulder beetle
  6222 | D:7      | Reached skill level 12 in Axes
  6531 | D:7      | Reached XP level 10. HP: 53/91 MP: 9/9
  6714 | D:8      | Found Ixasuam's Antique Weapon Shoppe.
  6714 | D:8      | Found Luzoumu's Jewellery Shoppe.
  6714 | D:8      | Found Finok's General Store.
  6718 | D:8      | Bought a battleaxe for 214 gold pieces
  7069 | D:8      | Noticed Joseph
  7070 | D:8      | Noticed Maurice
  7078 | D:8      | Killed Maurice
  7079 | D:8      | Reached skill level 13 in Axes
  7079 | D:8      | Reached skill level 1 in Stealth
  7081 | D:8      | Killed Joseph
  7471 | D:9      | Found a runed translucent gate.
  7471 | D:9      | Found a runed translucent gate.
  7471 | D:9      | Found a runed translucent gate.
  7537 | D:9      | Noticed Fractals's ghost (novice DsGl)
  7623 | D:9      | Reached skill level 14 in Axes
  7624 | D:9      | Reached skill level 10 in Fighting
  8099 | D:9      | Noticed a tengu warrior
  8099 | D:9      | Noticed a salamander
  8099 | D:9      | Noticed a centaur warrior
  8099 | D:9      | Noticed a manticore
  8099 | D:9      | Noticed a cyclops
  8099 | D:9      | Noticed a centaur warrior
  8099 | D:9      | Noticed a boulder beetle
  8100 | D:9      | Noticed a brown ugly thing
  8107 | D:9      | a salamander changed into a cane toad
  8107 | D:9      | Noticed a cane toad (shapeshifter)
  8108 | D:9      | Killed a brown ugly thing
  8109 | D:9      | Reached XP level 11. HP: 13/101 MP: 10/10
  8109 | D:9      | a cane toad changed into a harpy
  8109 | D:9      | Noticed a harpy (shapeshifter)
  8136 | D:9      | Shot with an arrow by a centaur warrior

Illustrated notes

Levels and vault maps discovered:
D:1:      elethiomel_arrival_diamonds, layout_basic
D:2:      layout_loops_cross, minmay_misc_feat_ornament, minmay_snake_closets
D:3:      layout_loops_ring, nicolae_ecumenical_lake_church,
          hellmonk_ghost_happy_afterlife
D:4:      layout_cave_pools, nicolae_elyvilon_temple_path,
          mainiacjoe_overflow_alcove_1, chei_slow_surprise,
          minmay_temple_entry_statues_fountains,
          nicolae_shop_sticking_my_neck_out
D:5:      layout_rooms, mainiacjoe_overflow_small_starburst, uniq_eustachio
D:6:      layout_rooms, mainiacjoe_overflow_surrounded_room,
          worldfamousw_hep_ancestral_shrine
D:7:      gammafunk_the_bubble [the_bubble_gammafunk_split], layout_loops_cross,
          lemuel_tele_altar, mainiacjoe_overflow_24_doors, corexii_corridor_pit,
          minivault_27
D:8:      layout_basic, nicolae_shop_distant_corner_stores,
          minmay_strange_pillars, minmay_sticks_and_stones, uniq_maurice
D:9:      layout_roguey, special_room [special_room_bee], gammafunk_ghost_icy,
          minivault_28

Skill      XL: |  1  2  3  4  5  6  7  8  9 10 |
---------------+-------------------------------+-----
Axes           | 4 5 6 7 8 10 12 14 | 14.7
Fighting       | 4 5 6 7 9 10 | 10.5
Armour         | 3 4 6 7 8 9 |  9.9
Dodging        | 3 4 |  4.1
Stealth        | 1 |  1.0
Shields        | |  0.1

Action                     |  1- 3 |  4- 6 |  7- 9 | 10-12 || total
---------------------------+-------+-------+-------+-------++-------
  Melee: Hand axe          |    65 |   191 |    46 |       ||   302
         Headbutt          |     5 |    31 |    37 |    23 ||    96
         Punch             |     1 |       |     2 |       ||     3
         War axe           |       |       |   140 |       ||   140
         Battleaxe         |       |       |       |   112 ||   112
         Broad axe         |       |       |       |     8 ||     8
 Invoke: Berserk           |       |       |     3 |     1 ||     4
         Brothers in Arms  |       |       |     1 |     1 ||     2
    Use: Scroll            |       |       |    17 |     2 ||    19
         Potion            |       |       |     4 |     1 ||     5
 Armour: Animal skin       |    10 |       |       |       ||    10
         Ring mail         |     5 |    19 |       |       ||    24
         Scale mail        |       |    47 |       |       ||    47
         Chain mail        |       |     6 |    84 |    53 ||   143
         Skin              |       |       |     1 |       ||     1
         Plate armour      |       |       |       |     7 ||     7
  Dodge: Dodged            |    56 |   113 |   141 |   128 ||   438
  Block: Kite shield       |       |       |       |     8 ||     8
